 Dungeon Crawl Stone Soup version 0.30-a0-1160-g6e42c06551 (webtiles) character file.

Game seed: 12254464904027662216

537 Orangeyouglad the Ducker (level 7, -4/56 HPs)
             Began as a Human Monk on Apr 26, 2023.
             Killed by divine providence
             ... invoked by an orc priest
              (16 damage)
             ... on level 5 of the Dungeon.
             The game lasted 00:06:25 (4782 turns).

Orangeyouglad the Ducker (Human Monk)               Turns: 4782, Time: 00:06:26

Health: -4/56      AC:  8    Str: 11    XL:     7   Next: 50%
Magic:  7/7        EV: 12    Int: 12    God:
Gold:   244        SH:  0    Dex: 16    Spells: 5/6 levels left

rFire   + . .        a - +0 falchion
rCold   . . .        d - orb {light}
rNeg    + . .        x - +2 ring mail {rF+}
rPois   .            (no helmet)
rElec   .            u - +0 cloak
rCorr   .            (no gloves)
SInv    .            (no boots)
Will    .....        (no amulet) Stlth
                     m - ring of positive energy
HPRegen 0.29/turn    (no ring)
MPRegen 0.10/turn

%: no passive effects
@: confused, ambrosia-drunk, glowing
A: no striking features
a: no special abilities


You were on level 5 of the Dungeon.
You visited 1 branch of the dungeon, and saw 5 of its levels.

You collected 244 gold pieces.

Inventory:

Hand Weapons
 a - a +0 falchion (weapon)
Missiles
 w - 5 javelins (quivered)
Armour
 d - an orb of light (worn)
 u - a +0 cloak (worn)
 x - a +2 ring mail of fire resistance (worn)
Jewellery
 m - a ring of positive energy (left hand)
 v - a ring of wizardry
Wands
 s - a wand of iceblast (2)
 y - a wand of digging (9)
Scrolls
 e - a scroll of poison {unknown}
 f - a scroll of immolation {unknown}
 g - a scroll of amnesia
 h - 2 scrolls of brand weapon {unknown}
 k - 2 scrolls of enchant weapon {unknown}
 l - 2 scrolls of identify {unknown}
 o - a scroll of summoning {unknown}
 p - a scroll of noise {unknown}
 r - 2 scrolls of blinking {unknown}
 t - a scroll of fog {unknown}
Potions
 b - a potion of magic {unknown}
 i - 5 potions of curing {unknown}
 j - a potion of brilliance {unknown}
 n - a potion of invisibility {unknown}
 q - a potion of haste {unknown}


   Skills:
 + Level 5.1 Fighting
 + Level 5.1 Long Blades
 + Level 5.1 Dodging
 + Level 1.6 Poison Magic


You had 5 spell levels left.
You knew the following spells:

 Your Spells              Type           Power      Damage    Failure   Level
a - Sting                 Tmut/Pois      4%         1d3       52%         1

Your spell library contained the following spells:

 Spells                   Type           Power      Damage    Failure   Level
 Shock                    Conj/Air       0%         1d3       63%         1
 Poisonous Vapours        Pois/Air       2%         N/A       65%         2
 Portal Projectile        Hex/Tloc       0%         N/A       94%         3
 Swiftness                Air            0%         N/A       94%         3
 Tukima's Dance           Hex            0%         N/A       94%         3
 Olgreb's Toxic Radiance  Pois           3%         N/A       99%         4
 Airstrike                Air            0%         2d(0-16)  100%        4
 Blade Hands              Tmut           0%         N/A       100%        5


Dungeon Overview and Level Annotations

Branches:
Dungeon (5/15)
 Temple: D:4-7

Altars:
Nemelex Xobeh

Annotations:
D:2 1 runed translucent door, Crazy Yiuf


Message History

Things that are here:
a +0 whip; a gnoll corpse
w - a javelin
w - 2 javelins (gained 1)
Things that are here:
a +0 spear; a +0 club; a gnoll corpse
w - 3 javelins (gained 1)
An orc priest comes into view. It is wielding a +0 club.
w - 4 javelins (gained 1)
An orc priest comes into view. It is wielding a +0 club.
The orc priest shouts!
You see here a javelin.
An adder comes into view.
An orc comes into view. It is wielding a +0 hand axe.
The orc shouts!
The orc priest shouts!
You see here a javelin.
w - 5 javelins (gained 1)
The orc priest looks braver for a moment.
The orc priest invokes the aid of Beogh against you.
You struggle to resist.
The orc priest invokes the aid of Beogh against you.
Beogh smites you!
* * * LOW HITPOINT WARNING * * *
Things that are here:
a +0 flail; a +0 leather armour; an orc corpse
Things that are here:
a +0 spear; a +0 club; a gnoll corpse You hear the hiss of an avalanche of sand nearby.
Things that are here:
a +0 whip; a gnoll corpse
Okay, then.
You are confused.
You feel invigorated.
The orc priest looks encouraged for a moment.
The orc priest invokes the aid of Beogh against you.
Beogh smites you!
* * * LOW HITPOINT WARNING * * *
The orc priest calls down the wrath of Beogh upon you.
Beogh smites you!
You die...

.....!.....#.#.#...#
.....##............#
.....S#.o..#.#.##..##
......o.o...........## ###
...........#.........###.##
..#...##.....#.......##...##
######.#)###.............#
##.##)#).o.S.........##
#......).oo@......#†<#
.........##.##.........####
..........#####......†..#
.####....## #......#.##
###.###.###......### #..
..........## ..# o.......###
#.# #......## .......


You could see 2 orc priests, an adder and an orc.

Vanquished Creatures
  A black bear (D:5)
  An ogre (D:3)
  A scorpion (D:4)
  A hound (D:3)
  Jessica (D:2)
  An iguana (D:4)
  An orc wizard (D:5)
  3 gnolls (D:5)
  6 adders
  An ufetubus (D:4)
  A worm (D:2)
  A dart slug (D:2)
  3 orcs
  12 endoplasms
  2 giant cockroaches
  8 goblins
  7 hobgoblins
  17 jackals
  5 kobolds
  5 quokkas
  6 ball pythons
  8 bats
  7 frilled lizards
  6 rats
105 creatures vanquished.

Notes
Turn   | Place    | Note
-------+----------+-------------------------------------------
     0 | D:1      | Orangeyouglad the Human Monk began the quest for the Orb.
     0 | D:1      | Reached XP level 1. HP: 18/18 MP: 1/1
   247 | D:1      | Reached XP level 2. HP: 24/24 MP: 2/2
   507 | D:1      | Reached XP level 3. HP: 27/29 MP: 3/3
   509 | D:1      | Learned a level 1 spell: Sting
   534 | D:1      | Found a faded altar of an unknown god.
  1167 | D:2      | Reached XP level 4. HP: 35/35 MP: 4/4
  1176 | D:2      | Noticed Jessica
  1196 | D:2      | Killed Jessica
  1531 | D:2      | Reached XP level 5. HP: 42/42 MP: 5/5
  1762 | D:2      | Found a runed translucent door.
  1763 | D:2      | Noticed Crazy Yiuf
  2172 | D:3      | Found a sparkling altar of Nemelex Xobeh.
  3017 | D:3      | Noticed an ogre
  3040 | D:3      | Killed an ogre
  3041 | D:3      | Reached XP level 6. HP: 49/49 MP: 6/6
  4141 | D:4      | Reached XP level 7. HP: 52/55 MP: 7/7
  4572 | D:5      | Entered Level 5 of the Dungeon
  4637 | D:5      | Reached skill level 5 in Fighting
  4637 | D:5      | Reached skill level 5 in Long Blades
  4637 | D:5      | Reached skill level 5 in Dodging
  4637 | D:5      | Reached skill level 1 in Poison Magic
  4782 | D:5      | Killed from afar by an orc priest

Illustrated notes

Levels and vault maps discovered:
D:1:      matt_arrival_los_fun, layout_loops_ring,
          shapermc_ecumenical_altar_notcrosses, nicolae_figureground_pulse
D:2:      layout_loops_ring, uniq_jessica, uniq_crazy_yiuf_cottage
D:3:      minmay_chambers_of_threes, layout_loops_corners, amcnicky_altar_gilded
D:4:      layout_layer_cave
D:5:      lemuel_insect_pit, layout_cave_pools, serial_glass, glass_columns_b,
          glass_columns_b, nicolae_ossuary_entry_giza, hangedman_decor_riveting,
          solitary_fountain

Skill      XL: |  1  2  3  4  5  6  7 |
---------------+----------------------+-----
Long Blades    | 4 5 |  5.1
Fighting       | 4 5 |  5.1
Dodging        | 4 5 |  5.1
Poison Magic   | 1 |  1.6

Action                     |  1- 3 |  4- 6 |  7- 9 || total
---------------------------+-------+-------+-------++-------
  Melee: Falchion          |    73 |   177 |    30 ||   280
  Throw: Boomerang         |    14 |    12 |       ||    26
         Javelin           |       |     4 |     8 ||    12
         Throwing net      |       |       |     1 ||     1
    Use: Scroll            |       |       |     1 ||     1
         Potion            |       |       |     1 ||     1
 Armour: Robe              |    12 |    13 |       ||    25
         Ring mail         |       |    39 |    18 ||    57
  Dodge: Dodged            |    69 |   122 |    32 ||   223

Table legend: (Time is in decaauts)
 A = Elapsed time spent in this place.
 B = Non-inter-level travel time spent in this place.
 C = Inter-level travel time spent in this place.
 D = Time resting spent in this place.
 E = Time spent auto-exploring this place.
 F = Levels seen in this place.
 G = Mean time per level.
                   A        B        C        D        E       F      G
               +--------+--------+--------+--------+--------+-----+--------+
         Total |   4829 |   4421 |    408 |    118 |   3262 |   5 |  965.8 |
       Dungeon |   4829 |   4421 |    408 |    118 |   3262 |   5 |  965.8 |
               +--------+--------+--------+--------+--------+-----+--------+

Top non-repeatable levels by time:
     D:4: 1351 daAuts
     D:3: 1169 daAuts
     D:1: 1076 daAuts
     D:2: 1068 daAuts
     D:5: 163 daAuts
